 Dungeon Crawl Stone Soup version 0.25-a0-617-g20d90ebb82 (webtiles) character file.

Game seed: 10619328947229741365, levelgen mode: deterministic

5 Chromatus the Slasher (level 1, -2/12 HPs)
             Began as a Tengu Gladiator on Mar 18, 2020.
             Slain by a hobgoblin (4 damage)
             ... on level 1 of the Dungeon.
             The game lasted 00:00:51 (192 turns).

Chromatus the Slasher (Tengu Gladiator)              Turns: 192, Time: 00:00:52

Health: -2/12      AC:  3    Str: 14    XL:     1   Next: 80%
Magic:  2/2        EV: 13    Int:  8    God:
Gold:   12         SH:  0    Dex: 15    Spells: 0/0 levels left

rFire    . . .     SeeInvis .   a - +0 long sword
rCold    . . .     Gourm    .   (no shield)
rNeg     . . .     Faith    .   b - +0 leather armour
rPois    .         Spirit   .   c - +0 hat
rElec    .         Reflect  .   (no cloak)
rCorr    .         Harm     .   (no gloves)
MR       .....                  (boots unavailable)
Stlth    +.........             (no amulet)
HPRegen  0.04/turn              (no ring)
MPRegen  0.08/turn              (no ring)

@: no status effects
A: beak, talons 3
a: no special abilities


You were on level 1 of the Dungeon.
You were not hungry.

You visited 1 branch of the dungeon, and saw 2 of its levels.

You collected 12 gold pieces.

Inventory:

Hand Weapons
 a - a +0 long sword (weapon)
Missiles
 d - 3 throwing nets (quivered) {!f}
Armour
 b - a +0 leather armour (worn)
 c - a +0 hat (worn)
Scrolls
 f - a scroll of identify {unknown}
Comestibles
 e - 2 rations {!d}
 g - a chunk of flesh


   Skills:
 - Level 2.0 Fighting
 * Level 3.6 Long Blades
 - Level 2.0 Throwing
 + Level 3.4 Dodging


You couldn't memorise any spells.
You didn't know any spells.
Your spell library was empty.

Dungeon Overview and Level Annotations

Branches:
Dungeon (2/15)

Altars:


Innate Abilities, Weirdness & Mutations

You have a beak for a mouth.
You have claws for feet.


Message History

Found a leather armour.
You see here a leather armour.
Found a ration.
e - 2 rations {!d} (gained 1)
You open the door.
There is an open door here.
Found a hunting sling.
A goblin comes into view.
The goblin shouts!
A goblin is nearby!
Unknown command.
A kobold comes into view.
The kobold shouts!
You hear a shout!
The goblin hits you.
A rat comes into view.
You closely miss the goblin. You peck the goblin.
You kill the goblin!
Found 30 arrows.
Found 12 gold pieces.
You closely miss the kobold. Your peck misses the kobold.
The kobold completely misses you.
You hit the kobold.
You kill the kobold!
You hit the rat.
You kill the rat!
A hobgoblin and a kobold come into view.
The hobgoblin shouts!
Things that are here:
a rat corpse; a kobold corpse
There are monsters nearby!
There are monsters nearby!
Unknown command.
Unknown command.
The kobold shouts!
The kobold throws a stone.
The stone hits you.
Things that are here:
a stone; a rat corpse; a kobold corpse You now have 12 gold pieces.
The kobold throws a stone.
The stone misses you.
Found a stone.
The kobold barely misses you.
You barely miss the hobgoblin.
You claw the hobgoblin, but do no damage.
The kobold hits you with a +0 short sword.
The hobgoblin barely misses you.
You barely miss the hobgoblin. Your peck misses the hobgoblin.
The kobold hits you with a +0 short sword.
* * * LOW HITPOINT WARNING * * *
The hobgoblin hits you.
You die...

#....## #.....# #...
#...... (...
#.....###..# #......
...# #.....#.#..#
#....##.##.##
####.#K..#..##########
#....@###(............
#....#g..#...)........
#....##.##............
#.....###.............
#(........#...........
#......####...........
#...... #.##########
##### #.# #.#


You could see a hobgoblin and a kobold.

Vanquished Creatures
  2 goblins (D:1)
  3 kobolds (D:1)
  A rat (D:1)
6 creatures vanquished.

Notes
Turn   | Place    | Note
-------+----------+-------------------------------------------
     0 | D:1      | Chromatus the Tengu Gladiator began the quest for the Orb.
     0 | D:1      | Reached XP level 1. HP: 12/12 MP: 2/2
   192 | D:1      | Slain by a hobgoblin

Levels and vault maps discovered:
D:1:      minmay_arrival_stone_box, layout_basic, ebering_dispersal_statue_hall,
          minmay_ruptured
D:2:      layout_loops_cross, minmay_overflow_temple_hex, first_ration,
          nicolae_qazlal_style_of_elements

Action                   || total
-------------------------++-------
Melee: Long sword        ||     9
       Kick              ||     3
       Peck              ||     1
Armor: Leather armour    ||     1
Dodge: Dodged            ||     9
       Rpst.: Long sword ||     1

Table legend:
 A = Non-vault XP
 B = Vault XP
 C = Vault XP percentage of total XP
 D = Non-vault monster count
 E = Vault monster count
 F = Vault count percentage of total count
                 A         B        C        D         E       F
            +---------+---------+-------+---------+---------+-------
      Total |       5 |       3 |  37.5 |       4 |       2 |  33.3
            +---------+---------+-------+---------+---------+-------
        D:1 |       5 |       3 |  37.5 |       4 |       2 |  33.3
            +---------+---------+-------+---------+---------+-------
